 Dungeon Crawl Stone Soup version 0.24.1-14-gf8d2b509d9 (console) character file.

Game seed: 9045012861321132350, levelgen mode: deterministic

113 Kagalorn the Fighter (level 4, 0/45 HPs)
             Began as a Gnoll Wanderer on Aug 18, 2020.
             Was an Initiate of Okawaru.
             Killed by nerve-wracking pain
             ... invoked by an orc priest
              (2 damage)
             ... on level 3 of the Dungeon.
             The game lasted 00:05:00 (2268 turns).

Kagalorn the Fighter (Gnoll Wanderer)               Turns: 2268, Time: 00:05:01

Health: 0/45       AC:  6    Str: 15    XL:     4   Next: 96%
Magic:  5/5        EV:  9    Int: 12    God:    Okawaru [......]
Gold:   53         SH:  0    Dex: 17    Spells: 5/5 levels left

rFire    . . .     SeeInvis .   a - +0 hand axe
rCold    . . .     Gourm    .   (no shield)
rNeg     . . .     Faith    .   p - +0 scale mail
rPois    .         Spirit   .   (no helmet)
rElec    .         Reflect  .   (no cloak)
rCorr    .         Harm     .   (no gloves)
MR       .....                  (no boots)
Stlth    +.........             (no amulet)
HPRegen  0.15/turn              (no ring)
MPRegen  0.09/turn              (no ring)

@: no status effects
A: distributed training, fangs 1, strong nose
a: Renounce Religion


You were on level 3 of the Dungeon.
You worshipped Okawaru.
Okawaru was noncommittal.
You were hungry.

You visited 1 branch of the dungeon, and saw 3 of its levels.

You collected 53 gold pieces.

Inventory:

Hand Weapons
 a - a +0 hand axe (weapon)
 b - a +2 hand crossbow
Missiles
 c - 45 bolts
 d - 7 poisoned darts
 e - 20 sling bullets
 h - 158 stones (quivered)
 q - 23 arrows
Armour
 p - a +0 scale mail (worn)
Wands
 s - a wand of acid (5)
Scrolls
 g - a scroll of enchant weapon {unknown}
 k - a scroll of random uselessness {unknown}
 m - a scroll of remove curse
 r - a scroll of teleportation
 t - a scroll of magic mapping {unknown}
 v - a scroll of fog {unknown}
Potions
 j - a potion of degeneration {unknown}
 n - a potion of invisibility
 o - a potion of lignification
Comestibles
 f - 3 rations


   Skills:
 + Level 8.6 Fighting
 + Level 1.2 Short Blades
 + Level 1.2 Long Blades
 + Level 1.2 Axes
 + Level 1.2 Maces & Flails
 + Level 1.2 Polearms
 + Level 1.2 Staves
 + Level 1.2 Slings
 + Level 1.2 Bows
 + Level 6.6 Crossbows
 + Level 1.2 Throwing
 + Level 2.8 Armour
 + Level 1.2 Dodging
 + Level 2.6 Stealth
 + Level 2.8 Shields
 + Level 1.2 Unarmed Combat
 + Level 1.2 Spellcasting
 + Level 1.0 Conjurations
 + Level 1.0 Hexes
 + Level 1.0 Charms
 + Level 1.0 Summonings
 + Level 1.0 Necromancy
 + Level 1.0 Translocations
 + Level 1.0 Transmutations
 + Level 1.0 Fire Magic
 + Level 1.0 Ice Magic
 + Level 1.0 Air Magic
 + Level 1.0 Earth Magic
 + Level 1.0 Poison Magic
 + Level 1.4 Invocations
 + Level 1.2 Evocations


You had 5 spell levels left.
You didn't know any spells.
Your spell library was empty.

Dungeon Overview and Level Annotations

Branches:
Dungeon (3/15)

Altars:
Ashenzari
Okawaru


Innate Abilities, Weirdness & Mutations

Your experience applies equally to all skills.
You have very sharp teeth.
Your uncanny sense of smell can sniff out nearby items.


Message History

The orc priest hits you but does no damage.
The orc priest barely misses you.
You hit the orc priest but do no damage.
The orc priest is severely wounded.
The orc priest hits you with a cursed +0 hand axe.
You hit the orc priest.
You bite the orc priest, but do no damage.
The orc priest is almost dead.
The orc priest mumbles some strange prayers to Beogh against you.
Beogh smites you!
* * * LOW HITPOINT WARNING * * *
You hit the orc priest but do no damage.
The orc priest is almost dead.
The orc priest hits you with a cursed +0 hand axe.
* * * LOW HITPOINT WARNING * * *
You hit the orc priest but do no damage.
The orc priest is almost dead.
The orc priest calls down the wrath of Beogh upon you.
Pain shoots through your body!
You die...

#.##.... #.#....#
#......# ......#
..... ...###
#.##.##
.#.#######.#...####
..oooKo@..........+
..########.#...####
###.##†## #......#
#.#.##.# #.#.##.#
∆##......##
#........#
#.##.###.#


You could see an orc priest, 3 orcs and a kobold.

Vanquished Creatures
  Terence (D:2)
  2 adders (D:3)
  A gnoll (D:1)
  2 worms (D:3)
  A dart slug (D:2)
  2 leopard geckos (D:3)
  3 giant cockroaches (D:1)
  7 goblins
  7 hobgoblins
  6 jackals
  A quokka (D:2)
  A ball python (D:3)
  4 bats
  3 frilled lizards
  2 kobolds
  7 rats
50 creatures vanquished.

Vanquished Creatures (others)
  A plant (D:3)
1 creature vanquished.

Grand Total: 51 creatures vanquished

Notes
Turn   | Place    | Note
-------+----------+-------------------------------------------
     0 | D:1      | Kagalorn the Gnoll Wanderer began the quest for the Orb.
     0 | D:1      | Kagalorn set off with the following items: a +2 hand
                  | crossbow, 29 bolts, a +0 hand axe, a +0 ring mail, a ration
     0 | D:1      | Reached XP level 1. HP: 26/26 MP: 1/1
     7 | D:1      | Noticed a hog
     7 | D:1      | Noticed a wyvern
     7 | D:1      | Noticed an anaconda
     7 | D:1      | Noticed a black bear
     7 | D:1      | Noticed a worker ant
   125 | D:1      | Reached XP level 2. HP: 33/33 MP: 2/2
   371 | D:1      | Reached XP level 3. HP: 31/38 MP: 3/3
   851 | D:2      | Noticed Terence
   883 | D:2      | Killed Terence
   883 | D:2      | Reached skill level 1 in Short Blades
   883 | D:2      | Reached skill level 1 in Long Blades
   883 | D:2      | Reached skill level 1 in Axes
   883 | D:2      | Reached skill level 1 in Maces & Flails
   883 | D:2      | Reached skill level 1 in Polearms
   883 | D:2      | Reached skill level 1 in Staves
   883 | D:2      | Reached skill level 1 in Slings
   883 | D:2      | Reached skill level 1 in Bows
   883 | D:2      | Reached skill level 1 in Throwing
   883 | D:2      | Reached skill level 1 in Dodging
   883 | D:2      | Reached skill level 1 in Unarmed Combat
   883 | D:2      | Reached skill level 1 in Spellcasting
   883 | D:2      | Reached skill level 1 in Invocations
   883 | D:2      | Reached skill level 1 in Evocations
   883 | D:2      | Reached XP level 4. HP: 34/45 MP: 5/5
  1252 | D:2      | Found an iron altar of Okawaru.
  1261 | D:2      | Became a worshipper of Warmaster Okawaru
  1804 | D:3      | Reached skill level 1 in Conjurations
  1804 | D:3      | Reached skill level 1 in Hexes
  1804 | D:3      | Reached skill level 1 in Charms
  1804 | D:3      | Reached skill level 1 in Summonings
  1804 | D:3      | Reached skill level 1 in Necromancy
  1804 | D:3      | Reached skill level 1 in Translocations
  1804 | D:3      | Reached skill level 1 in Transmutations
  1804 | D:3      | Reached skill level 1 in Fire Magic
  1804 | D:3      | Reached skill level 1 in Ice Magic
  1804 | D:3      | Reached skill level 1 in Air Magic
  1804 | D:3      | Reached skill level 1 in Earth Magic
  1804 | D:3      | Reached skill level 1 in Poison Magic
  1987 | D:3      | Found a shattered altar of Ashenzari.
  2267 | D:3      | HP: 2/45 [orc priest/cursed +0 hand axe (4)]
  2268 | D:3      | Killed from afar by an orc priest

Levels and vault maps discovered:
D:1:      onia_arrival_zoo_common, layout_basic, st_stairs_12
D:2:      layout_basic, first_ration, okawaru_trees_1, uniq_terence
D:3:      layout_loops_corners, nicolae_overflow_crystal_walls,
          lemuel_crystal_altar, grunt_ministairs_1, saegor_snake_ambush

Skill      XL: |  1  2  3  4 |
---------------+-------------+-----
Short Blades   | 1 |  1.2
Long Blades    | 1 |  1.2
Axes           | 1 |  1.2
Maces & Flails | 1 |  1.2
Polearms       | 1 |  1.2
Staves         | 1 |  1.2
Slings         | 1 |  1.2
Bows           | 1 |  1.2
Throwing       | 1 |  1.2
Dodging        | 1 |  1.2
Unarmed Combat | 1 |  1.2
Spellcasting   | 1 |  1.2
Invocations    | 1 |  1.4
Evocations     | 1 |  1.2
Conjurations   | 1 |  1.0
Hexes          | 1 |  1.0
Charms         | 1 |  1.0
Summonings     | 1 |  1.0
Necromancy     | 1 |  1.0
Translocations | 1 |  1.0
Transmutations | 1 |  1.0
Fire Magic     | 1 |  1.0
Ice Magic      | 1 |  1.0
Air Magic      | 1 |  1.0
Earth Magic    | 1 |  1.0
Poison Magic   | 1 |  1.0
Fighting       | |  8.6
Crossbows      | |  6.6
Armour         | |  2.8
Stealth        | |  2.6
Shields        | |  2.8

Action                   |  1- 3 |  4- 6 || total
-------------------------+-------+-------++-------
Melee: Hand axe          |    90 |   109 ||   199
       Bite              |    12 |    17 ||    29
 Fire: Hand crossbow     |     5 |       ||     5
  Use: Scroll            |       |     5 ||     5
       Potion            |       |     1 ||     1
 Stab: Sleeping          |     2 |       ||     2
  Eat: Chunk             |       |     4 ||     4
Armor: Ring mail         |    28 |       ||    28
       Scale mail        |    10 |    64 ||    74
Dodge: Dodged            |    55 |    74 ||   129
